 Dungeon Crawl Stone Soup version 0.22-a0-247-gbddf880757 (webtiles) character file.

12022 Peterchen the Severer (level 11, -7/82 HPs)
             Began as a Minotaur Berserker on Feb 26, 2018.
             Was an Elder of Trog.
             Shot with an arrow by a centaur (9 damage)
             ... on level 11 of the Dungeon.
             The game lasted 00:21:50 (7394 turns).

Peterchen the Severer (Minotaur Berserker)          Turns: 7394, Time: 00:21:50

Health: -7/82      AC:  8    Str: 24    XL:     11   Next: 57%
Magic:  3/3        EV:  8    Int:  4    God:    Trog [****..]
Gold:   774        SH:  2    Dex:  9    Spells: 10/10 levels left

rFire    + + .     SeeInvis .   h - +10 war axe of Doom {antimagic, rElec rF+++ Dex-2}
rCold    + + .     Gourm    .   p - +0 buckler (curse)
rNeg     . . .     Faith    .   H - +0 chain mail {rC+}
rPois    .         Spirit   .   (helmet restricted)
rElec    +         Reflect  .   s - scarf {repulsion}
rCorr    .         Harm     .   (no gloves)
MR       +....                  (no boots)
Stlth    ..........             (no amulet)
HPRegen  0.23/turn              i - ring of protection from magic
MPRegen  0.08/turn              K - ring of ice

@: about to teleport, berserk cooldown, slightly contaminated, slowed, repel
missiles, very slow
A: retaliatory headbutt, horns 2
a: Berserk, Trog's Hand, Brothers in Arms, Renounce Religion


You were on level 11 of the Dungeon.
You worshipped Trog.
Trog was greatly pleased with you.
You were very hungry.

You visited 1 branch of the dungeon, and saw 11 of its levels.

You collected 774 gold pieces.

Inventory:

Hand Weapons
 h - the +10 war axe of Doom (weapon) {antimagic, rElec rF+++ Dex-2}
   (You took it off a centaur on level 7 of the Dungeon)

   It reduces the magical energy of the wielder, and disrupts the spells and
   magical abilities of those hit.
   Natural abilities and divine invocations are not affected.
   It affects your dexterity (-2).
   It renders you almost immune to fire.
   It insulates you from electricity.
Armour
 p - a cursed +0 buckler (worn)
 s - a scarf of repulsion (worn)
 H - a +0 chain mail of cold resistance (worn)
Jewellery
 i - a ring of protection from magic (left hand)
 q - an uncursed ring of magical power
 K - a ring of ice (right hand)
Wands
 e - a wand of paralysis (15)
 D - a wand of random effects (23)
 J - a wand of acid (4)
 N - a wand of flame (28)
Scrolls
 d - 5 scrolls of remove curse
 g - 8 scrolls of teleportation
 j - a scroll of noise
 l - a scroll of random uselessness
 m - 2 scrolls of identify
 o - 2 scrolls of fog
 u - 3 scrolls of immolation
 w - a scroll of magic mapping
 x - 4 scrolls of fear
 A - a scroll of amnesia {unknown}
 E - a scroll of enchant weapon
 G - a scroll of enchant armour {unknown}
Potions
 a - 4 potions of mutation
 b - 2 potions of resistance
 f - 2 potions of heal wounds
 k - 3 potions of ambrosia {unknown}
 n - a potion of flight
 r - 2 potions of curing
 t - 2 potions of lignification {unknown}
 v - a potion of cancellation {unknown}
 z - a potion of invisibility {unknown}
 B - a potion of magic {unknown}
 C - a potion of might {unknown}
 F - a potion of brilliance {unknown}
 I - 2 potions of haste {unknown}
Miscellaneous
 L - a box of beasts
Comestibles
 c - 10 rations
 M - 8 chunks of flesh


   Skills:
 - Level 3.6 Fighting
 * Level 20.1 Axes
 - Level 2.4 Armour
 - Level 2.1 Dodging


You had 10 spell levels left.
You didn't know any spells.

Dungeon Overview and Level Annotations

Branches:
Dungeon (11/15)            Temple (0/1) D:6            Lair (0/6) D:8
    Orc (0/2) D:10

Altars:
Ashenzari
Dithmenos
Elyvilon
Fedhas
Gozag
Nemelex Xobeh
Qazlal
Ru
Vehumet
Wu Jian
Xom
Yredelemnul
Zin
The Shining One

Annotations:
D:11 Erolcha


Innate Abilities, Weirdness & Mutations

You reflexively headbutt those who attack you in melee.
You have a pair of horns on your head.


Message History

You feel less resistant to hostile enchantments.
Okay, then.
You feel much better.
The centaur shoots an arrow.
The arrow hits you but does no damage.
The centaur shoots an arrow.
The arrow is repelled.
You hear a shout! x3
A leopard gecko and a centaur come into view.
The leopard gecko hisses angrily.
The centaur shouts!
The centaur shoots an arrow.
The arrow hits you.
The centaur shoots an arrow.
The arrow hits you!
The centaur shoots an arrow.
The arrow hits you.
* * * LOW HITPOINT WARNING * * *
The centaur shoots an arrow.
The arrow hits you!
* * * LOW HITPOINT WARNING * * *
You see here 6 arrows.
As you read the scroll of teleportation, it crumbles to dust.
You feel strangely unstable.
The centaur shoots an arrow.
The arrow is repelled.
The centaur shoots an arrow.
The arrow hits you.
* * * LOW HITPOINT WARNING * * *
The centaur shoots an arrow.
The arrow hits you!
You die...

.........#
#..........c......##
...................cOcc.....#
..................Z.(......##
#..................OO.....##
##..................c....##
##................l...(##
...........(...##
..............##
........@((..##
............## ......(....##
#....(....## ##.......##
#########


You could see a two-headed ogre, Erolcha, an ogre, 4 centaurs, a centaur warrior
zombie and a leopard gecko.

Vanquished Creatures
  Snorg (D:10)
  Erica (D:9)
  2 two-headed ogres (D:8)
  The ghost of Zaque the Fiendish, a novice DDMo of Makhleb (D:7)
  Pikel (D:4)
  Maurice (D:9)
  A gargoyle (D:10)
  A komodo dragon (D:11)
  2 trolls
  Grinder (D:6)
  4 hippogriffs
  5 yaks (D:10)
  Eustachio (D:6)
  A hungry ghost (D:7)
  A water moccasin (D:6)
  2 porcupines (D:8)
  3 black bears
  7 orc warriors
  2 sky beasts
  An ice beast (D:7)
  4 slaves (D:4)
  A necrophage (D:6)
  8 ogres
  A phantom (D:7)
  3 centaurs
  2 crocodiles (D:8)
  5 bullfrogs
  A scorpion (D:10)
  7 killer bees
  4 wights (D:10)
  5 howler monkeys
  4 crimson imps
  2 bullfrog zombies (D:7)
  A hound (D:5)
  3 jellies
  6 orc priests
  7 orc wizards
  An iguana (D:7)
  4 worker ants
  A hound zombie (D:6)
  A worker ant zombie (D:8)
  4 adders
  3 shadow imps
  2 oozes (D:3)
  2 adder skeletons
  A worm (D:2)
  9 leopard geckos
  33 orcs
  4 giant cockroaches
  9 goblins
  4 hobgoblins
  2 jackals (D:4)
  6 kobolds
  A quokka (D:8)
  3 ball pythons
  6 bats
  6 frilled lizards
  A jackal zombie (D:5)
  5 rats
  3 fungi (D:8)
  4 plants (D:8)
218 creatures vanquished.

Vanquished Creatures (collateral kills)
  Psyche (D:11)
  An orc warrior (D:10)
  An orc wizard (D:10)
3 creatures vanquished.

Vanquished Creatures (others)
  A fungus (D:8)
  A plant (D:8)
2 creatures vanquished.

Grand Total: 223 creatures vanquished

Notes
Turn   | Place    | Note
-------+----------+-------------------------------------------
     0 | D:1      | Peterchen the Minotaur Berserker began the quest for the Orb.
     0 | D:1      | Reached XP level 1. HP: 19/19 MP: 0/0
    26 | D:1      | Reached skill level 4 in Axes
    91 | D:1      | Reached XP level 2. HP: 10/26 MP: 1/1
   638 | D:1      | Reached skill level 5 in Axes
   699 | D:2      | Reached XP level 3. HP: 23/31 MP: 2/2
   753 | D:2      | Found a glowing golden altar of the Shining One.
   824 | D:2      | Reached ** piety under Trog
   974 | D:2      | Found a faded altar of an unknown god.
  1136 | D:2      | Reached skill level 6 in Axes
  1136 | D:2      | Reached XP level 4. HP: 39/39 MP: 3/3
  1546 | D:3      | Reached XP level 5. HP: 45/45 MP: 4/4
  1632 | D:4      | Noticed Pikel
  1632 | D:4      | Noticed a slave
  1632 | D:4      | Noticed a slave
  1632 | D:4      | Noticed a slave
  1632 | D:4      | Noticed a slave
  1635 | D:4      | Killed a slave
  1641 | D:4      | Killed a slave
  1642 | D:4      | Killed a slave
  1644 | D:4      | Killed Pikel
  1644 | D:4      | Reached skill level 10 in Axes
  1644 | D:4      | Reached XP level 6. HP: 31/51 MP: 5/5
  1644 | D:4      | Reached XP level 7. HP: 35/57 MP: 6/6
  1877 | D:4      | Reached *** piety under Trog
  1911 | D:4      | Found a blossoming altar of Fedhas.
  2069 | D:5      | Entered Level 5 of the Dungeon
  2551 | D:5      | Reached skill level 11 in Axes
  2582 | D:5      | Reached XP level 8. HP: 44/64 MP: 7/7
  2652 | D:5      | Found a shadowy altar of Dithmenos.
  2854 | D:6      | Noticed Eustachio
  2863 | D:6      | Killed Eustachio
  2868 | D:6      | Reached skill level 12 in Axes
  2943 | D:6      | Noticed Grinder
  2952 | D:6      | Reached skill level 13 in Axes
  2960 | D:6      | Killed Grinder
  2961 | D:6      | Found a staircase to the Ecumenical Temple.
  3255 | D:6      | Reached XP level 9. HP: 54/69 MP: 8/8
  3434 | D:7      | Reached skill level 14 in Axes
  3584 | D:7      | Noticed Zaque's ghost (novice DDMo)
  3602 | D:7      | Killed Zaque's ghost
  3602 | D:7      | Reached skill level 15 in Axes
  3830 | D:7      | Got an uncursed jewelled war axe {antimagic}
  3831 | D:7      | Identified the +10 war axe of Doom {antimagic, rElec rF+++ Dex-2} (You took it off a centaur on level 7 of the Dungeon)
  3847 | D:7      | Reached **** piety under Trog
  3907 | D:7      | Found an ornate altar of the Wu Jian Council.
  3925 | D:7      | Reached skill level 16 in Axes
  3934 | D:7      | Found a shattered altar of Ashenzari.
  3935 | D:7      | Found a stormy altar of Qazlal.
  3937 | D:7      | Found a sacrificial altar of Ru.
  3939 | D:7      | Found a radiant altar of Vehumet.
  3939 | D:7      | Found an ornate altar of the Wu Jian Council.
  4252 | D:8      | Found a glowing silver altar of Zin.
  4366 | D:8      | Reached XP level 10. HP: 68/76 MP: 6/9
  4386 | D:8      | Noticed a two-headed ogre
  4393 | D:8      | Killed a two-headed ogre
  4442 | D:8      | Noticed a two-headed ogre
  4448 | D:8      | Killed a two-headed ogre
  4448 | D:8      | Reached skill level 17 in Axes
  4652 | D:8      | Found a staircase to the Lair.
  4829 | D:8      | Reached skill level 18 in Axes
  4898 | D:8      | Found an opulent altar of Gozag.
  5113 | D:8      | Found a shimmering altar of Xom.
  5258 | D:9      | Noticed Maurice
  5271 | D:9      | Killed Maurice
  5352 | D:9      | Found a sparkling altar of Nemelex Xobeh.
  5459 | D:9      | Noticed Erica
  5468 | D:9      | Killed Erica
  5468 | D:9      | Reached XP level 11. HP: 81/81 MP: 6/10
  5531 | D:9      | Found a basalt altar of Yredelemnul.
  5693 | D:9      | Found a white marble altar of Elyvilon.
  6038 | D:10     | Entered Level 10 of the Dungeon
  6099 | D:10     | Reached ***** piety under Trog
  6106 | D:10     | Reached skill level 19 in Axes
  6874 | D:10     | Noticed Snorg
  6885 | D:10     | Killed Snorg
  7219 | D:10     | Found a staircase to the Orcish Mines.
  7309 | D:11     | Reached skill level 20 in Axes
  7359 | D:11     | Noticed Psyche
  7364 | D:11     | Noticed Erolcha
  7369 | D:11     | Noticed a two-headed ogre
  7388 | D:11     | Killed Psyche
  7394 | D:11     | HP: 2/82 [centaur/arrow (5)]
  7394 | D:11     | Shot with an arrow by a centaur

Vault maps used:
D:1:      lordsloth_arrival_two_stooges
D:2:      nicolae_tso_carved_into_rock, chequers_ecumenical_altar_simple,
          kennysheep_potato
D:3:      first_ration
D:4:      fedhas_altar_3, kennysheep_generic_room_5, uniq_pikel
D:5:      grunt_ministairs_10, nicolae_dithmenos_the_darkroom
D:6:      minmay_temple_entry_water_ring, uniq_grinder, uniq_eustachio
D:7:      grunt_temple_overflow_open, basic_altar
D:8:      lemuel_crystal_altar, kennysheep_little_box, kennysheep_mini,
          due_lair_maze_entry_diamond
D:9:      kennysheep_ying_yang, nicolae_overflow_crystal_walls, uniq_maurice,
          uniq_erica
D:10:     david_orc_4, uniq_snorg
D:11:     uniq_erolcha, uniq_psyche

Skill      XL: |  1  2  3  4  5  6  7  8  9 10 11 |
---------------+----------------------------------+-----
Axes           | 4 5 6 10 11 13 16 18 20 | 20.1
Fighting       | |  3.6
Armour         | |  2.4
Dodging        | |  2.1

Action                   |  1- 3 |  4- 6 |  7- 9 | 10-12 || total
-------------------------+-------+-------+-------+-------++-------
Melee: Hand axe          |    82 |    42 |   135 |       ||   259
       Headbutt          |     4 |     9 |    32 |    30 ||    75
       War axe           |       |       |    38 |   201 ||   239
Invok: Berserk           |       |     1 |     5 |    11 ||    17
       Trog's Hand       |       |       |     1 |     2 ||     3
       Brothers in Arms  |       |       |       |     3 ||     3
Evoke: Box of beasts     |       |       |       |     1 ||     1
  Use: Scroll            |    10 |       |     3 |     8 ||    21
       Potion            |       |       |       |     2 ||     2
 Stab: Invisible         |       |       |       |     1 ||     1
  Eat: Chunk             |     1 |     1 |    16 |    21 ||    39
Armor: Animal skin       |     4 |       |       |       ||     4
       Scale mail        |    26 |    25 |    27 |       ||    78
       Chain mail        |       |       |     1 |    61 ||    62
Dodge: Dodged            |    42 |    24 |    53 |    54 ||   173
       Deflected         |       |       |     4 |     8 ||    12
Block: Buckler           |     5 |     2 |    13 |    13 ||    33

Table legend:
 A = Spawn XP
 B = Non-spawn XP
 C = Spawn XP percentage of total XP
 D = Spawn monster count
 E = Non-spawn monster count
 F = Spawn count percentage of total count
 G = Total turns spent on level
                    A         B        C        D         E        F      G
               +---------+---------+-------+---------+---------+-------+---------
         Total |       0 |   17175 |   0.0 |       0 |     210 |   0.0 |  7394
               +---------+---------+-------+---------+---------+-------+---------
           D:1 |       0 |      38 |   0.0 |       0 |      22 |   0.0 |   683
           D:2 |       0 |      62 |   0.0 |       0 |      19 |   0.0 |   677
           D:3 |       0 |      98 |   0.0 |       0 |      17 |   0.0 |   272
           D:4 |       0 |     783 |   0.0 |       0 |       8 |   0.0 |   437
           D:5 |       0 |     464 |   0.0 |       0 |       9 |   0.0 |   783
           D:6 |       0 |    1459 |   0.0 |       0 |      23 |   0.0 |   764
           D:7 |       0 |    2582 |   0.0 |       0 |      27 |   0.0 |   628
           D:8 |       0 |    3502 |   0.0 |       0 |      19 |   0.0 |   908
           D:9 |       0 |    2380 |   0.0 |       0 |      18 |   0.0 |  1132
          D:10 |       0 |    4799 |   0.0 |       0 |      44 |   0.0 |  1016
          D:11 |       0 |    1008 |   0.0 |       0 |       4 |   0.0 |    94
               +---------+---------+-------+---------+---------+-------+---------
